FIQ, neutral male scurrid Tourist ... ir. --- FIQ the Rambler Experience level: 1 Strength: 13 Dexterity: 11 Constitution: 14 Intelligence: 15 Wisdom: 12 Charisma: 10 Health: 0(9) Energy: 2(2) Def: 0 Gold: 1515 Moves: 57 Dungeon seed: BEKZyAX5U8Ayr6vO Game ID: FIQ_1498603633 Your Inventory: Coins $ - 1515 gold pieces Weapons a - 46 uncursed +2 darts (in quiver) Armor e - an uncursed +0 Hawaiian shirt (being worn) Comestibles b - an uncursed carrot c - 7 uncursed food rations d - an uncursed cram ration f - 2 uncursed tripe rations g - an uncursed tin of newt meat Scrolls i - 4 uncursed scrolls of magic mapping Potions h - 2 uncursed potions of extra healing Wands l - an uncursed wand of secret door detection (0:12) Tools j - an uncursed expensive camera (0:87) k - an uncursed credit card m - an uncursed leash Spells and supernatural/magical abilities: Name Level Category Fail Memory W - pray for help -- divine ? -- Your skills at the end: Miscellaneous Skills wands [Basic] Weapon Skills dart [Basic] Spellcasting Skills Final Attributes: You were devoutly aligned. You had infravision. You were very stealthy. You are dead. Voluntary challenges: You went without food. You did not adorn yourself with jewelry or accessories. You did not cause conflict. You were not invisible. You did not have reflection. You were not displaced. You were an atheist. You never hit with a wielded weapon. You were a pacifist. You did not use tools. You did not use plumbed fixtures. You did not drink any magical draughts. You were illiterate. You never genocided any monsters. You never polymorphed an object. You never changed form. You used no wishes. You never split a pudding. You never wrote Elbereth's name. You never violated your personal moral code. Dungeon overview: The Dungeons of Doom: levels 1 to 15 Level 1 a long staircase Level 2 Level 3 Level 4 a potion shop Level 5 Level 6 Level 7 Level 8 Level 9 Level 10 Level 11 Level 12 Level 13 Level 14 Level 15 <- You were here History has recorded: On T:1 you entered the Dungeons of Doom to retrieve the Amulet of Yendor! On T:25 you reached level 2 of The Dungeons of Doom. On T:28 you reached level 3 of The Dungeons of Doom. On T:30 you reached level 4 of The Dungeons of Doom. On T:34 you reached level 6 of The Dungeons of Doom. On T:37 you reached level 7 of The Dungeons of Doom. On T:39 you reached level 8 of The Dungeons of Doom. On T:41 you reached level 9 of The Dungeons of Doom. On T:43 you reached level 10 of The Dungeons of Doom. On T:47 you reached level 11 of The Dungeons of Doom. On T:49 you reached level 12 of The Dungeons of Doom. On T:52 you reached level 13 of The Dungeons of Doom. On T:54 you reached level 14 of The Dungeons of Doom. On T:56 you reached level 15 of The Dungeons of Doom. On T:56 you entered the Rogue tribute level. Score breakdown: Gold: 602 ( 60 points) Experience: 1 level ( 0 points) Exploration: 15 levels ( 420 points) Discoveries: 0 items ( 0 points) Variety of kills: 0 monsters ( 0 points) Major goal: (nothing yet) ( 0 points) Survival: died (score multiplied by 3) Total score: 1440 Latest messages: $ - 602 gold pieces. You start digging downward. You continue digging downward. You dig a pit in the floor. You continue digging downward. You dig a hole through the floor. You fall through... You start digging downward. You continue digging downward. You dig a pit in the floor. The homunculus bites! You continue digging downward. You dig a hole through the floor. You fall through... The homunculus bites! You start digging downward. The homunculus bites! You continue digging downward. You dig a pit in the floor. You continue digging downward. You dig a hole through the floor. You fall through... You enter what seems to be an older, more primitive world. The homunculus bites! You start digging downward. The homunculus bites! You die... Final status: Aloha FIQ the Tourist, killed by a homunculus... You died in The Dungeons of Doom on dungeon level 15 with 1440 points, and 1515 pieces of gold, after 57 moves. You were level 1 with a maximum of 9 hit points when you died.